 Dungeon Crawl Stone Soup version 0.23.1 (webtiles) character file.

Game seed: 8135183434361318295

52 Borgoz the Sneak (level 3, -4/28 HPs)
             Began as a Ghoul Enchanter on Mar 3, 2019.
             Killed from afar by Natasha (10 damage)
             ... with a magic dart
             ... on level 2 of the Dungeon.
             The game lasted 00:01:45 (1509 turns).

Borgoz the Sneak (Ghoul Enchanter)                  Turns: 1509, Time: 00:01:46

Health: -4/28      AC:  2    Str: 11      XL:     3   Next: 85%
Magic:  4/4        EV: 12    Int:  8 (10) God:
Gold:   95         SH:  0    Dex:  9 (10) Spells: 4/5 levels left

rFire    . . .     SeeInvis .   a - +1 dagger
rCold    + . .     Gourm    .   (no shield)
rNeg     + + +     Faith    .   b - +0 robe
rPois    ∞         Spirit   .   (no helmet)
rElec    .         Reflect  .   (no cloak)
rCorr    .         Harm     .   (no gloves)
MR       .....                  (no boots)
Stlth    ++........             (no amulet)
HPRegen  0.00/turn              (no ring)
MPRegen  0.09/turn              (no ring)

@: rotting
A: rotting body, claws 1, carnivore, cold resistance 1, negative energy
resistance 3, inhibited regeneration, torment resistance, unbreathing
a: no special abilities


You were on level 2 of the Dungeon.
You were not hungry.

You visited 1 branch of the dungeon, and saw 2 of its levels.

You collected 95 gold pieces.

Inventory:

Hand Weapons
 a - a +1 dagger (weapon)
Missiles
 e - a throwing net (quivered)
Armour
 b - a +0 robe (worn)
Scrolls
 c - a scroll of magic mapping {unknown}
 f - 6 scrolls of identify {unknown}
 g - a scroll of remove curse {unknown}
 h - 2 scrolls of teleportation {unknown}
 k - a scroll of enchant armour {unknown}
Comestibles
 d - 6 rations


   Skills:
 + Level 1.1 Fighting
 * Level 2.0 Short Blades
 + Level 1.0 Armour
 * Level 2.5 Dodging
 - Level 3.2 Stealth
 - Level 1.7 Spellcasting
 - Level 2.4 Hexes


You had 4 spell levels left.
You knew the following spells:

 Your Spells              Type           Power        Failure   Level  Hunger
a - Corona                Hex            #......      14%         1    ##.....

Your spell library contained the following spells:

 Spells                   Type           Power        Failure   Level  Hunger
 Ensorcelled Hibernation  Hex/Ice        #.....       34%         2    ###....
 Confuse                  Hex            #.......     38%         3    ####...
 Tukima's Dance           Hex            #.......     38%         3    ####...
 Dazzling Spray           Conj/Hex       #.....       56%         3    ####...


Dungeon Overview and Level Annotations

Branches:
Dungeon (2/15)

Altars:

Annotations:
D:2 Natasha


Innate Abilities, Weirdness & Mutations

Your body is rotting away.
You thrive on raw meat.
You are immune to poison.
You have sharp fingernails.
You are carnivorous and can eat meat at any time.
Your flesh is cold resistant. (rC+)
You are immune to negative energy. (rN+++)
You do not regenerate when monsters are visible.
You are immune to unholy pain and torment.
You can survive without breathing.


Message History

You feel dopey. Natasha claws you but does no damage.
It was a potion of berserk rage.
You cannot raise a blood rage in your lifeless body.
Natasha claws you.
You are too injured to fight recklessly!
You are too injured to fight recklessly!
You are too injured to fight recklessly!
You hit Natasha.
Natasha is moderately wounded.
Natasha claws you.
* * * LOW HITPOINT WARNING * * *
You hit Natasha.
Natasha is moderately wounded.
Natasha misses you.
You hit Natasha but do no damage.
Natasha is moderately wounded.
Natasha stares at you and mumbles some strange words.
The magic dart hits you!
You die...

#.# #.# #.# #..
#.# #.# .. #h# #.
#@# .. #.#####.#
#. #)......#
#!.#.#.###.#
########..#.#.#
#####.....#....(#
#
#.......#.##..#.#
#.......#.#....(#
#.......#.#...#.#


You could see Natasha.

Vanquished Creatures
  An adder (D:2)
  4 dart slugs
  2 leopard geckos
  A giant cockroach (D:1)
  7 goblins
  A hobgoblin (D:1)
  4 jackals (D:1)
  5 kobolds
  2 bats
  2 frilled lizards
  3 rats (D:1)
32 creatures vanquished.

Notes
Turn   | Place    | Note
-------+----------+-------------------------------------------
     0 | D:1      | Borgoz the Ghoul Enchanter began the quest for the Orb.
     0 | D:1      | Reached XP level 1. HP: 14/14 MP: 2/2
    15 | D:1      | Reached skill level 1 in Short Blades
   437 | D:1      | Reached XP level 2. HP: 20/21 MP: 3/3
   581 | D:1      | Reached XP level 3. HP: 11/27 MP: 4/4
   928 | D:1      | Reached skill level 1 in Fighting
  1381 | D:2      | Reached skill level 1 in Armour
  1495 | D:2      | Noticed Natasha
  1509 | D:2      | Killed from afar by Natasha

Skill      XL: |  1  2  3 |
---------------+----------+-----
Short Blades   | 1 2 |  2.0
Dodging        | 2 |  2.5
Fighting       | 1 |  1.1
Armour         | 1 |  1.0
Stealth        | |  3.2
Spellcasting   | |  1.7
Hexes          | |  2.4

Action                   || total
-------------------------++-------
Melee: Dagger            ||   126
  Use: Potion            ||     2
 Stab: Sleeping          ||     5
  Eat: Chunk             ||    11
Armor: Robe              ||    22
Dodge: Dodged            ||    63
